AoeStats
← cmcconnell49

Arabia

504000291Analyzed
1v1 RM · 28d ago on Sep 3, 2026· 64m 42s· 2 players
Game mode
Random Map
Map size
Tiny (2 player)
Population
200
Speed
Normal
Resources
Standard
Victory
Conquest
Starting age
Dark Age
Ending age
Imperial Age
RankedLock teamsTeams togetherTeam positionsShared explorationLock speedFull tech treeHidden civsTurbo modeCheats
Victory
Defeat
🇦🇺 Bulgarians · Australia
884
+16
🇺🇸 Japanese · United States
894
-16
Dirty Dike
6:24 Loom
9:20 Feudal Age
9:51 Horse Collar
9:57 Double-Bit Axe
12:42 Forging
14:16 Scale Mail Armor
17:50 Gold Mining
17:54 Stone Mining
18:48 Wheelbarrow
18:38 Bloodlines
19:23 Forging
19:53 Town Watch
23:28 Castle Age
22:20 Arson
22:28 Fletching
26:37 Squires
27:44 Heavy Plow
31:13 Stone Shaft Mining
32:17 Bow Saw
35:23 Scale Barding Armor
36:58 Chain Barding Armor
36:49 Husbandry
38:39 Iron Casting
38:45 Gold Shaft Mining
39:12 Fervor
41:18 Hand Cart
41:27 Chain Mail Armor
41:08 Bodkin Arrow
44:02 Imperial Age
42:18 Town Patrol
43:38 Stirrups
46:01 Conscription
47:34 Blast Furnace
47:25 Light Cavalry
49:04 Plate Mail Armor
49:37 Cavalier
56:51 Elite Konnik
61:28 Plate Barding Armor
64:05 Hussar
cmcconnell49
3:53 Loom
9:50 Feudal Age
10:26 Man-at-Arms
13:03 Scale Mail Armor
18:10 Castle Age
16:42 Arson
17:23 Forging
20:46 Squires
25:51 Fletching
25:59 Crossbowman
27:00 Bodkin Arrow
27:40 Thumb Ring
28:54 Ballistics
29:43 Padded Archer Armor
31:40 Town Watch
37:24 Imperial Age
37:02 Pikeman
38:09 Chain Mail Armor
38:34 Iron Casting
38:51 Kataparuto
38:05 Halberdier
42:05 Plate Mail Armor
42:54 Double-Bit Axe
59:39 Blast Furnace
Connection lost

Rejoining the realm…

Still unreachable

The connection could not be restored.

Session expired

The server has moved on; the page needs a fresh start.